 Dungeon Crawl Stone Soup version 0.30.1-9-gdf580d7c3d (webtiles) character file.

Game seed: 12412540964919439338

41 croobank the Covert (level 3, -1/31 (35) HPs)
             Began as a Gnoll Delver on Sept 25, 2023.
             Slain by a wight
             ... wielding a +2 morningstar
              (9 damage)
             ... on level 6 of the Dungeon.
             The game lasted 00:09:04 (323 turns).

croobank the Covert (Gnoll Delver)                   Turns: 323, Time: 00:09:05

HP:   -1/31 (35)    AC:  3    Str: 11    XL:     3   Next: 52%
MP:   4/4           EV: 13    Int: 11    God:
Gold: 0             SH:  0    Dex: 13    Spells: 3/3 levels left

rFire   . . .        a - +1 short sword
rCold   . . .        (no shield)
rNeg    . . .        b - +0 leather armour
rPois   .            (no helmet)
rElec   .            (no cloak)
rCorr   .            (no gloves)
SInv    .            (no boots)
Will    .....        (no amulet)
Stlth   ++++         (no ring)
HPRegen 0.25/turn    (no ring)
MPRegen 0.09/turn

%: no passive effects
@: heavily drained
A: fangs 1, strong nose, distributed training
a: no special abilities


You were on level 6 of the Dungeon.
You visited 1 branch of the dungeon, and saw 2 of its levels.

Inventory:

Hand Weapons
 a - a +1 short sword (weapon)
Armour
 b - a +0 leather armour (worn)
Wands
 g - a wand of digging (1)
Scrolls
 c - a scroll of fog


   Skills:
 + Level 6.5 Fighting
 + Level 4.5 Short Blades
 + Level 0.9 Long Blades
 + Level 0.9 Axes
 + Level 0.9 Maces & Flails
 + Level 0.9 Polearms
 + Level 0.9 Staves
 + Level 0.9 Ranged Weapons
 + Level 0.9 Throwing
 + Level 0.9 Armour
 + Level 4.5 Dodging
 + Level 9.6 Stealth
 + Level 0.9 Shields
 + Level 0.9 Unarmed Combat
 + Level 0.9 Spellcasting
 + Level 0.6 Conjurations
 + Level 0.6 Hexes
 + Level 0.6 Summonings
 + Level 0.6 Necromancy
 + Level 0.6 Translocations
 + Level 0.6 Transmutations
 + Level 0.6 Fire Magic
 + Level 0.6 Ice Magic
 + Level 0.6 Air Magic
 + Level 0.6 Earth Magic
 + Level 0.6 Poison Magic
 + Level 1.0 Invocations
 + Level 0.9 Evocations


You had 3 spell levels left.
You didn't know any spells.
Your spell library was empty.

Dungeon Overview and Level Annotations

Branches:
Dungeon (6/15)
 Temple: D:4-7

Altars:


Innate Abilities, Weirdness & Mutations

You have very sharp teeth.
Your uncanny sense of smell can sniff out nearby items.
Your experience applies equally to all skills.


Message History

The gnoll is severely wounded.
The gnoll completely misses you.
You hit the gnoll but do no damage.
The gnoll is severely wounded.
You hit the gnoll.
You kill the gnoll!
Your Invocations skill increases to level 1!
f - a black potion You see here a +0 whip.
Things that are here:
a +0 mace; an orc corpse You see here a +0 whip.
An ogre comes into view. It is wielding a +0 giant club.
The ogre shouts!
You hear a shout!
You see here a +0 whip. 2 wights come into view.
As you read the scroll of fear, it crumbles to dust.
You assume a fearsome visage.
The ogre looks frightened!
Aiming: Dig
Press: ? - help, Shift-Dir - straight line A rock wall.
The rock shatters into small pieces.
The wight attacks as you move away!
The wight hits you with a +2 morningstar!
You feel drained. The wight attacks as you move away!
The wight hits you with a +2 morningstar!
* * * LOW HITPOINT WARNING * * *
You feel drained.
It was a potion of cancellation.
You feel magically purged.
Okay, then.
As you read the scroll labelled LANAIJ BIMM, it crumbles to dust.
It is a scroll of enchant weapon.
Really abort (and waste the scroll)?
Uppercase [Y]es or [N]o only, please.
Really abort (and waste the scroll)?
Really abort (and waste the scroll)?
Your +0 short sword glows red for a moment.
The wight hits you with a +2 morningstar!
You die...

#.........#.# #.
#.........#.#
#.........#.#
#.........#.#####
#......<..#.#...
#...........#.#####
#.........#........
#.........#.#.####.
#..@z.....#...#
###z########..#
##.## ##..# ##.##
#...# ##.## #.#.#
##.###O#.#
##.##.#.# ##.#.#.##
.# ###..#..#..##


You could see 2 wights.

Vanquished Creatures
  A hound (D:6)
  A gnoll (D:6)
  An orc (D:6)
3 creatures vanquished.

Notes
Turn   | Place    | Note
-------+----------+-------------------------------------------
     0 | D:5      | Reached skill level 9 in Stealth
     0 | D:5      | croobank the Gnoll Delver began the quest for the Orb.
     0 | D:5      | Reached XP level 1. HP: 23/23 MP: 1/1
    59 | D:5      | Noticed an ogre
    97 | D:6      | Noticed a hound
   119 | D:6      | Killed a hound
   120 | D:6      | Reached XP level 2. HP: 9/29 MP: 1/3
   120 | D:6      | Reached XP level 3. HP: 11/35 MP: 1/4
   253 | D:6      | Reached skill level 1 in Invocations
   264 | D:6      | Noticed an ogre
   306 | D:6      | Noticed a wight
   306 | D:6      | Noticed a wight
   323 | D:6      | Slain by a wight

Illustrated notes

Levels and vault maps discovered:
D:5:      layout_gridville, minmay_statues_item
D:6:      lemuel_slime, layout_rooms

Skill      XL: |  1  2  3 |
---------------+----------+-----
Stealth        | |  9.6
Invocations    | 1 |  1.0
Fighting       | |  6.5
Short Blades   | |  4.5
Long Blades    | |  0.9
Axes           | |  0.9
Maces & Flails | |  0.9
Polearms       | |  0.9
Staves         | |  0.9
Ranged Weapons | |  0.9
Throwing       | |  0.9
Armour         | |  0.9
Dodging        | |  4.5
Shields        | |  0.9
Unarmed Combat | |  0.9
Spellcasting   | |  0.9
Conjurations   | |  0.6
Hexes          | |  0.6
Summonings     | |  0.6
Necromancy     | |  0.6
Translocations | |  0.6
Transmutations | |  0.6
Fire Magic     | |  0.6
Ice Magic      | |  0.6
Air Magic      | |  0.6
Earth Magic    | |  0.6
Poison Magic   | |  0.6
Evocations     | |  0.9

Action                     || total
---------------------------++-------
  Melee: Short sword       ||    26
         Bite              ||     5
         Punch             ||     1
  Evoke: Wand              ||     2
    Use: Scroll            ||     3
         Potion            ||     2
   Stab: Sleeping          ||     1
 Armour: Leather armour    ||     4
  Dodge: Dodged            ||    12
